 Dungeon Crawl Stone Soup version 0.29-a0-319-gad05b8d819 (webtiles) character file.

Game seed: 12208965007557958502

30 GigaChad the Skirmisher (level 3, 0/36 HPs)
             Began as a Troll Abyssal Knight on Apr 1, 2022.
             Was a Believer of Lugonu.
             Slain by Sigmund
             ... wielding a +0 scythe
              (9 damage)
             ... on level 2 of the Dungeon.
             The game lasted 00:05:52 (804 turns).

GigaChad the Skirmisher (Troll Abyssal Knight)       Turns: 804, Time: 00:05:53

Health: 0/36       AC:  4    Str: 21    XL:     3   Next: 5%
Magic:  3/3        EV: 10    Int:  6    God:    Lugonu [**....]
Gold:   27         SH:  0    Dex: 18    Spells: 2/2 levels left

rFire   . . .      SeeInvis .   a - +1 falchion
rCold   . . .      Faith    .   (no shield)
rNeg    . . .      Spirit   .   b - +0 robe
rPois   .          Reflect  .   (helmet restricted)
rElec   .          Harm     .   (no cloak)
rCorr   .          Rampage  .   (gloves unavailable)
Will    .....                   (boots unavailable)
Stlth   ++........              (no amulet)
HPRegen 0.92/turn               f - +6 ring of dexterity
MPRegen 0.08/turn               (no ring)

@: no status effects
A: large, unfitting armour, claws 3, regeneration 1, shaggy fur 1, tough skin 1
a: Renounce Religion, Depart the Abyss, Bend Space


You were on level 2 of the Dungeon.
You worshipped Lugonu.
Lugonu was pleased with you.
You visited 1 branch of the dungeon, and saw 2 of its levels.
You visited the Abyss 1 time.

You collected 27 gold pieces.

Inventory:

Hand Weapons
 a - a +1 falchion (weapon)
 e - a +0 hand axe
Armour
 b - a +0 robe (worn)
 j - a +0 ring mail
Jewellery
 f - a +6 ring of dexterity (left claw)
Scrolls
 g - a scroll of fear {unknown}
 k - a scroll of magic mapping {unknown}
 l - a scroll of identify {unknown}
 m - a scroll of teleportation {unknown}
 n - a scroll of torment {unknown}
Potions
 c - a potion of lignification {unknown}
 d - a potion of might {unknown}
 h - a potion of flight {unknown}
 i - a potion of magic {unknown}


   Skills:
 + Level 2.9 Fighting
 + Level 2.1 Long Blades
 + Level 2.1 Dodging
 + Level 1.8 Invocations


You had 2 spell levels left.
You didn't know any spells.
Your spell library was empty.

Dungeon Overview and Level Annotations

Branches:
Dungeon (2/15)

Altars:
Trog

Shops:
D:1 (

Annotations:
D:2 Sigmund


Innate Abilities, Weirdness & Mutations

You are too large for most types of armour.
You have claws for hands.
Your natural rate of healing is unusually fast.
You are covered in fur. (AC +1)
You have tough skin. (AC +1)


Message History

You closely miss the ball python.
You feel sick. The ball python bites you. The hobgoblin misses you.
Something hits you but does no damage.
You hit the ball python.
The ball python is heavily wounded.
You feel sick. The ball python closely misses you.
The hobgoblin hits you but does no damage.
Something hits you.
The ball python bites you but does no damage.
The hobgoblin hits you.
You hit the hobgoblin but do no damage.
You feel sick. The ball python closely misses you.
The hobgoblin barely misses you. Something hits you but does no damage.
You slash the hobgoblin!
You kill the hobgoblin!
Lugonu accepts your kill.
You feel sick.
You are no longer poisoned.
The ball python barely misses you. x2
You have reached level 3!
Your experience leads to an increase in your attributes!
Your base attributes are Str 20, Int 6, Dex 10.
Increase (S)trength, (I)ntelligence, or (D)exterity?
You feel agile. x2; You feel stronger.
You slash the ball python!
You kill the ball python!
Lugonu accepts your kill. Something hits you!
Something hits you but does no damage.
You see here a ball python corpse.
Something completely misses you. Something hits you!
* * * LOW HITPOINT WARNING * * *
Unknown command.
Something hits you.
* * * LOW HITPOINT WARNING * * *
You hear some strange, mumbled words.
Something tries to affect you, but you resist.
You see here a scroll labelled JIGIUCZONUU.
Something hits you!
You die...

...## .####.... #.. ...# .#
#..## #.# #..##.# ##.# #.#
#.....## #.## #.#
#.#...####..#
.###.####.......[....
................###.# ..
####.##.).#†.........
....######@##.....#...#####
..............##)##...## #
..###..?..####..#....####
#.†....# ##........#.
........(_..# ###$#......
####.##.....# #.....#.##
#.. #.....# #......... ...
###.##.....g....##.## ...
#.# .......#..##.##


There were no monsters in sight!

Vanquished Creatures
  A worm (D:2)
  An endoplasm (D:1)
  A giant cockroach (D:1)
  5 goblins
  3 hobgoblins
  3 kobolds
  3 quokkas (D:1)
  2 ball pythons
  2 frilled lizards
  4 rats
25 creatures vanquished.

Vanquished Creatures (others)
  A fungus (D:1)
  2 plants (D:1)
3 creatures vanquished.

Grand Total: 28 creatures vanquished

Notes
Turn   | Place    | Note
-------+----------+-------------------------------------------
     0 | Abyss:1  | GigaChad the Troll Abyssal Knight began the quest for the
                  | Orb.
     0 | Abyss:1  | Reached XP level 1. HP: 22/22 MP: 1/1
     0 | D:1      | Escaped the Abyss
   116 | D:1      | Reached ** piety under Lugonu
   289 | D:1      | Found a faded altar of an unknown god.
   316 | D:1      | Reached XP level 2. HP: 29/29 MP: 2/2
   379 | D:1      | Found Weuziykk's Weapon Emporium.
   772 | D:2      | Found a bloodstained altar of Trog.
   785 | D:2      | Noticed Sigmund
   795 | D:2      | Reached XP level 3. HP: 19/36 MP: 3/3
   804 | D:2      | Slain by Sigmund

Illustrated notes

Levels and vault maps discovered:
D:1:      evilmike_arrival_crescent, layout_basic, serial_shops, shop_fountains,
          shapermc_ecumenical_altar_mp_urbaneastern
D:2:      layout_rooms, basic_altar, st_stairs_14, grunt_ministairs_4,
          uniq_sigmund

Skill      XL: |  1  2 |
---------------+-------+-----
Dodging        | 2 |  2.1
Long Blades    | 2 |  2.1
Fighting       | |  2.9
Invocations    | |  1.8

Action                   || total
-------------------------++-------
Melee: Falchion          ||    78
Invok: Depart the Abyss  ||     1
 Stab: Distracted        ||     1
Armor: Robe              ||    30
Dodge: Dodged            ||    41

Table legend: (Time is in decaauts)
 A = Elapsed time spent in this place.
 B = Non-inter-level travel time spent in this place.
 C = Inter-level travel time spent in this place.
 D = Time resting spent in this place.
 E = Time spent auto-exploring this place.
 F = Levels seen in this place.
 G = Mean time per level.
                   A        B        C        D        E       F      G
               +--------+--------+--------+--------+--------+-----+--------+
         Total |    820 |    818 |      2 |      0 |      0 |   3 |  273.3 |
       Dungeon |    820 |    818 |      2 |      0 |      0 |   2 |  410.0 |
         Abyss |      0 |      0 |      0 |      0 |      0 |   1 |    0.0 |
               +--------+--------+--------+--------+--------+-----+--------+

Top non-repeatable levels by time:
     D:1: 637 daAuts
     D:2: 183 daAuts
